 Dungeon Crawl Stone Soup version 0.31-a0-221-gbddc013574 (webtiles) character file.

Game seed: 17807868755342540959

121874 Decritt the Warrior (level 16, 0/151 HPs)
             Began as a Black Draconian Conjurer on July 4, 2023.
             Was a High Priest of Vehumet.
             Slain by a spark wasp (19 damage)
             ... on level 15 of the Dungeon.
             The game lasted 02:26:05 (46322 turns).

Decritt the Warrior (Black Draconian Conjurer)     Turns: 46322, Time: 02:26:06

Health: 0/151      AC: 15    Str: 11    XL:     16   Next: 33%
Magic:  13/43      EV: 12    Int: 30    God:    Vehumet [*****.]
Gold:   991        SH:  0    Dex: 11    Spells: 9/43 levels left

rFire   . . .        y - staff of poison
rCold   . . .        P - +1 kite shield
rNeg    . . .        (body armour unavailable)
rPois   +            (helmet restricted)
rElec   +            j - +1 cloak
rCorr   .            l - +1 pair of gloves
SInv    .            A - +1 pair of boots
Will    +....        H - amulet of regeneration
Stlth   +            I - ring of magical power
HPRegen 1.25/turn    p - +6 ring of intelligence
MPRegen 0.28/turn

%: no passive effects
@: confused, ambrosia-drunk, flying, studying Long Blades
A: breathe lightning, AC +9, unfitting armour, big wings, electricity
resistance, cold-blooded
a: Breathe Lightning, Renounce Religion


You were on level 15 of the Dungeon.
You worshipped Vehumet.
Vehumet was extremely pleased with you.
You visited 7 branches of the dungeon, and saw 26 of its levels.

You collected 2604 gold pieces.
You spent 1613 gold pieces at shops.

Inventory:

Hand Weapons
 B - a +5 shortbow of flaming
Armour
 j - a +1 cloak (worn)
 l - a +1 pair of gloves (worn)
 A - a +1 pair of boots (worn)
 P - a +1 kite shield (worn)
Magical Staves
 y - a staff of poison (weapon)
 C - a staff of conjuration
Jewellery
 g - a +5 ring of evasion
 p - a +6 ring of intelligence (right hand)
 F - a ring of willpower
 H - an amulet of regeneration (around neck)
 I - a ring of magical power (left hand)
 N - a ring of see invisible
Scrolls
 e - 3 scrolls of amnesia
 f - 5 scrolls of vulnerability
 n - 2 scrolls of enchant weapon
 r - 4 scrolls of identify
 s - 4 scrolls of immolation
 u - 4 scrolls of teleportation
 z - a scroll of poison
 D - 3 scrolls of fog
 G - 2 scrolls of revelation
Potions
 a - 4 potions of lignification
 b - 3 potions of enlightenment
 c - a potion of might
 d - a potion of ambrosia
 i - 2 potions of brilliance
 k - a potion of mutation
 o - 2 potions of haste
 q - 4 potions of cancellation
 v - 2 potions of berserk rage


   Skills:
 + Level 16.1 Fighting
 - Level 3.0 Staves
 - Level 6.5 Dodging
 - Level 1.7 Stealth
 + Level 8.5 Shields
 * Level 14.1 Spellcasting
 - Level 12.0 Conjurations
 - Level 3.0 Summonings
 + Level 9.4 Fire Magic
 + Level 13.0 Air Magic


You had 9 spell levels left.
You knew the following spells:

 Your Spells              Type           Power      Damage    Failure   Level
a - Airstrike             Air            39%        2d(6-22)  1%          4
b - Plasma Beam           Fire/Air       36%        2x1d50    3%          6
c - Fireball              Conj/Fire      35%        3d15      1%          5
d - Conjure Ball Lightni  Conj/Air       38%        3x3d12    1%          6
e - Dazzling Flash        Conj/Hex       100%       N/A       1%          3
f - Shock                 Conj/Air       100%       1d9       1%          1
g - Spellforged Servitor  Conj/Summ      30%        N/A       54%         7
h - Searing Ray           Conj           100%       2d8       1%          2

Your spell library contained the following spells:

 Spells                   Type           Power      Damage    Failure   Level
 Eringya's Noxious Bog    Tmut/Pois      15%        N/A       92%         6
 Foxfire                  Conj/Fire      100%       2x1d9     1%          1
 Freeze                   Ice            84%        1d9       1%          1
 Kiss of Death            Conj/Necr      100%       2d13      1%          1
 Magic Dart               Conj           100%       1d8       1%          1
 Cigotuvi's Dreadful Rot  Necr/Pois/Air  100%       N/A       1%          2
 Hailstorm                Conj/Ice       54%        3d12      1%          3
 Ignite Poison            Fire/Tmut/Pois 56%        N/A       1%          3
 Fulminant Prism          Conj/Hex       27%        3d14      1%          4
 Iskenderun's Mystic Bla  Conj/Tloc      54%        2d12      1%          4
 Freezing Cloud           Conj/Ice/Air   31%        6-21      1%          5
 Iskenderun's Battlesphe  Conj           75%        2d12      1%          5
 Irradiate                Conj/Tmut      27%        3d20      4%          5
 Frozen Ramparts          Ice            42%        1d7       5%          3
 Apportation              Tloc           42%        N/A       7%          1
 Slow                     Hex            84%        N/A       7%          1
 Sublimation of Blood     Necr           21%        N/A       11%         2
 Orb of Destruction       Conj           37%        9d11      11%         7
 Silence                  Hex/Air        28%        N/A       13%         5
 Confusing Touch          Hex            21%        N/A       21%         3
 Vampiric Draining        Necr           21%        2d7       21%         3
 Summon Ice Beast         Ice/Summ       30%        N/A       36%         4
 Dispel Undead            Necr           21%        3d11      56%         4
 Ice Form                 Ice/Tmut       21%        N/A       56%         4
 Petrify                  Tmut/Erth      21%        N/A       56%         4
 Agony                    Necr           21%        N/A       88%         5
 Alistair's Intoxication  Tmut/Pois      20%        N/A       88%         5
 Death Channel            Necr           10%        N/A       100%        6


Dungeon Overview and Level Annotations

Branches:
Dungeon (15/15)            Temple (1/1) D:5            Lair (5/5) D:10
 Shoals (1/4) Lair:2        Snake (1/4) Lair:2        Slime (0/5) Lair:4
    Orc (2/2) D:11            Elf (0/3) Orc:2        Vaults (0/5) D:13
 Depths (1/4) D:15

Altars:
Ashenzari
Cheibriados
Dithmenos
Elyvilon
Fedhas
Gozag
Hepliaklqana
Kikubaaqudgha
Makhleb
Nemelex Xobeh
Okawaru
Qazlal
Ru
Sif Muna
Trog
Uskayaw
Vehumet
Wu Jian
Xom
Yredelemnul
Zin
The Shining One

Shops:
D:13 ?   D:14 [*([   Orc:2 !=(*   Snake:1 (


Innate Abilities, Weirdness & Mutations

You can breathe wild blasts of lightning.
Your glossy black scales are hard. (AC +9)
You cannot fit into any form of body armour.
Your large and strong wings let you fly.
You are resistant to electric shocks. (rElec)
You are cold-blooded and may be slowed by cold attacks.


Message History

Casting: Plasma Beam (dangerous; 3% risk of failure)
Confirm with . or Enter, or press ? or * to list all spells.
Casting: Plasma Beam (dangerous; 3% risk of failure)
Press: ? - help, Dir - look around, f - activate The bolt of lightning hits the spark wasp.
The spark wasp completely resists.
The spark wasp is heavily wounded.
The fiery plasma hits the spark wasp but does no damage.
The spark wasp is heavily wounded.
The spark wasp stings you!!
* * * LOW HITPOINT WARNING * * *
The spark wasp shocks you. You resist.
* * * LOW HITPOINT WARNING * * *
The spark wasp completely misses you.
You hit the spark wasp but do no damage.
The spark wasp is heavily wounded.
The spark wasp stings you but does no damage.
Unknown command.
You block the spark wasp's attack.
Casting: Plasma Beam (dangerous; 3% risk of failure)
Confirm with . or Enter, or press ? or * to list all spells.
You don't have enough magic to cast this spell.
You hit the spark wasp but do no damage.
The spark wasp is heavily wounded.
You block the spark wasp's attack. x2
You hit the spark wasp but do no damage.
The spark wasp is heavily wounded.
The spark wasp stings you but does no damage.
You block the spark wasp's attack.
You miss the spark wasp.
Your tail-slap misses the spark wasp.
The spark wasp is heavily wounded.
The spark wasp stings you!!
* * * LOW HITPOINT WARNING * * *
The spark wasp shocks you. You resist.
* * * LOW HITPOINT WARNING * * *
You are confused.
You feel invigorated. The spark wasp barely misses you.
The spark wasp closely misses you. The spark wasp stings you!!
You die...

.z......#######.####)..#########
#######.###............# #
#.##.8..(........# ###
#.#..............# #.##
#.#......8.......#
...####.#.P.....P..8...#########
#.#.....#.....8................#
..........8....>y..............#
#.#......88.....@.......######.#
....#####...............# #.#
#.#.# #P..88..8.......# #.#
....# #.88.......)....# #.#
#.#.# #.8.8...8....#..# #.#
##..# #.#.........##..# #.# #..#
#.#####..#####..# #.# #..# #.#
#..# #..# #.# #..# #.#
#..#####..######.#


You could see a spark wasp.

Vanquished Creatures
  Frances (D:12)
  Kirke (D:13)
  A fire giant (Depths:1)
  An orc warlord (D:11)
  Aizul (Snake:1)
  A stone giant (Depths:1)
  Josephine (D:15)
  An ettin (D:11)
  A fire dragon (Lair:5)
  6 hydras
  8 vault guards
  An ogre mage (D:14)
  Erolcha (D:13)
  4 anacondas
  3 death knights (D:14)
  10 two-headed ogres
  5 centaur warriors
  4 death yaks
  2 tengu warriors
  4 boulder beetles
  3 naga warriors (Snake:1)
  Urug (D:12)
  5 naga sharpshooters (Snake:1)
  A shock serpent (Snake:1)
  2 skysharks
  A skeletal warrior (D:15)
  Lodul (D:14)
  2 phantasmal warriors
  6 naga ritualists (Snake:1)
  A swamp dragon (Lair:5)
  5 oklob plants
  A necromancer (D:15)
  2 orc sorcerers
  3 deep elf pyromancers
  3 mana vipers (Snake:1)
  6 orc knights
  10 ugly things
  6 cyclopes
  A stone giant zombie (D:15)
  A salamander (Snake:1)
  4 manticores
  Maurice (D:12)
  A guardian serpent (Snake:1)
  3 elephants (Lair:1)
  23 black mambas
  6 naga magi (Snake:1)
  2 gargoyles
  An unseen horror (D:12)
  12 cane toads
  8 rime drakes
  A freezing wraith (D:14)
  A rime drake (shapeshifter) (D:14)
  An efreet (D:13)
  14 komodo dragons
  A guardian mummy (D:15)
  7 trolls
  2 polar bears
  A hornet (D:9)
  A wind drake (Lair:1)
  2 spriggan zombies (D:15)
  17 blink frogs
  6 slime creatures
  A shadow (D:10)
  31 yaks
  A water elemental (Shoals:1)
  11 wraiths
  5 wyverns
  2 humans (D:7)
  4 hogs (D:13)
  A steam dragon (D:6)
  2 basilisks (Lair:5)
  7 wargs
  15 nagas
  5 acid dragons
  16 water moccasins
  A swamp drake (Lair:5)
  9 black bears
  A glowing shapeshifter skeleton (D:15)
  An ice beast (D:8)
  A sky beast (D:8)
  3 boggarts (D:15)
  16 ogres
  46 orc warriors
  11 centaurs
  20 wolves
  A phantom (D:7)
  A kobold brigand (D:9)
  17 bullfrogs
  3 scorpions
  3 necrophages (D:9)
  A wyvern zombie (D:9)
  13 wights
  3 gnoll sergeants
  6 killer bees
  An electric eel (D:6)
  5 howler monkeys
  5 jellies
  3 centaur zombies (D:9)
  A human zombie (D:9)
  2 hounds
  3 gnoll boudas (D:6)
  18 orc priests
  A sleepcap (D:5)
  7 iguanas
  27 orc wizards
  7 hell rats
  A mummy (D:9)
  2 howler monkey zombies (D:9)
  26 gnolls
  4 adders
  A shadow imp (D:6)
  5 white imps
  An ufetubus (D:5)
  4 worms
  5 dart slugs
  110 orcs
  7 endoplasms
  2 giant cockroaches
  6 goblins
  5 hobgoblins
  4 jackals (D:4)
  5 quokkas
  3 training dummies (Snake:1)
  5 ball pythons
  3 bats
  6 frilled lizards
  8 kobolds
  4 rats
  A fulminant prism (D:7)
789 creatures vanquished.

Vanquished Creatures (collateral kills)
  An anaconda (Snake:1)
  A sea snake (Lair:2)
  A water elemental (Lair:2)
  A ball lightning (Lair:3)
4 creatures vanquished.

Vanquished Creatures (others)
  A human (D:13)
  44 ball lightnings
  17 fulminant prisms
62 creatures vanquished.

Grand Total: 855 creatures vanquished

Notes
Turn   | Place    | Note
-------+----------+-------------------------------------------
     0 | D:1      | Decritt the Draconian Conjurer began the quest for the Orb.
     0 | D:1      | Reached XP level 1. HP: 14/14 MP: 3/3
   525 | D:1      | Reached XP level 2. HP: 21/22 MP: 5/5
   553 | D:1      | Reached skill level 1 in Fighting
   897 | D:1      | Learned a level 2 spell: Searing Ray
  1076 | D:2      | You fall into a shaft and drop 1 floor!
  1076 | D:3      | Found a hazy altar of Hepliaklqana.
  1186 | D:3      | Reached XP level 3. HP: 28/28 MP: 3/6
  2375 | D:3      | Reached skill level 2 in Fighting
  2603 | D:3      | Reached XP level 4. HP: 36/36 MP: 3/8
  3026 | D:3      | Reached XP level 5. HP: 27/44 MP: 9/9
  3115 | D:4      | Found a broken altar of Ashenzari.
  3152 | D:4      | Found a shimmering altar of Xom.
  3192 | D:4      | Found a blossoming altar of Fedhas.
  3197 | D:4      | Reached skill level 3 in Fighting
  3241 | D:4      | Noticed a black bear
  3420 | D:4      | Found a white marble altar of Elyvilon.
  3435 | D:4      | Reached XP level 6. HP: 19/52 MP: 2/11
  4023 | D:4      | Reached skill level 4 in Fighting
  4399 | D:5      | Entered Level 5 of the Dungeon
  4399 | D:5      | Found a staircase to the Ecumenical Temple.
  4482 | D:3      | Reached skill level 5 in Conjurations
  4576 | D:4      | Your scales start taking on a glossy black colour.
  4576 | D:4      | Reached XP level 7. HP: 60/60 MP: 6/13
  4576 | D:4      | Gained mutation: You are resistant to electric shocks.
                  | (rElec) [Black Draconian growth]
  4581 | D:4      | Learned a level 3 spell: Dazzling Flash
  4732 | D:5      | Reached skill level 5 in Fighting
  4749 | D:5      | Reached skill level 1 in Air Magic
  4915 | Temple   | Entered the Ecumenical Temple
  4956 | Temple   | Became a worshipper of Vehumet
  5507 | D:5      | Found a shimmering blue altar of Sif Muna.
  5516 | D:5      | Reached skill level 6 in Fighting
  5543 | D:5      | Got Sif Muna's Quarto of the Impact and Diablerie
  5548 | D:5      | Found a bloodstained altar of Trog.
  5565 | D:5      | Reached XP level 8. HP: 41/70 MP: 10/14
  6269 | D:5      | Reached skill level 7 in Fighting
  6366 | D:5      | Learned a level 4 spell: Fulminant Prism
  6376 | D:5      | Reached skill level 5 in Spellcasting
  6449 | D:6      | Reached * piety under Vehumet
  6449 | D:6      | Offered knowledge of Freeze by Vehumet.
  6696 | D:6      | Reached skill level 8 in Fighting
  7352 | D:5      | Reached XP level 9. HP: 52/82 MP: 13/16
  8166 | D:6      | Found a hide-covered altar of Uskayaw.
  8519 | D:7      | Reached skill level 9 in Fighting
  9030 | D:7      | Found an iron altar of Okawaru.
  9050 | D:7      | Reached skill level 5 in Air Magic
  9183 | D:7      | Found a shadowy altar of Dithmenos.
  9188 | D:7      | Found a sacrificial altar of Ru.
  9189 | D:7      | Found a glowing golden altar of the Shining One.
  9398 | D:8      | Noticed a two-headed ogre
  9693 | D:8      | Killed a two-headed ogre
  9694 | D:8      | Reached XP level 10. HP: 87/93 MP: 10/19
  9900 | D:8      | Reached skill level 10 in Fighting
 10210 | D:8      | Noticed a two-headed ogre
 10221 | D:8      | Killed a two-headed ogre
 10490 | D:9      | Offered knowledge of Shock by Vehumet.
 10490 | D:9      | Reached ** piety under Vehumet
 11328 | D:9      | Learned a level 1 spell: Shock
 11360 | D:9      | Reached skill level 5 in Dodging
 11880 | D:9      | Found a snail-covered altar of Cheibriados.
 12231 | D:9      | Reached skill level 11 in Fighting
 13743 | D:9      | Offered knowledge of Poisonous Vapours by Vehumet.
 13749 | D:9      | Found an ancient bone altar of Kikubaaqudgha.
 13864 | D:9      | Reached XP level 11. HP: 97/97 MP: 14/22
 14204 | D:9      | Noticed a centaur warrior
 14223 | D:9      | Killed a centaur warrior
 14412 | D:10     | Entered Level 10 of the Dungeon
 14556 | D:10     | Reached *** piety under Vehumet
 15493 | D:10     | Found a staircase to the Lair.
 15703 | D:10     | Offered knowledge of Flame Wave by Vehumet.
 15837 | D:10     | Learned a level 5 spell: Fireball
 15901 | D:11     | Noticed a boulder beetle
 15915 | D:11     | Killed a boulder beetle
 16848 | D:11     | Found a staircase to the Orcish Mines.
 17017 | D:11     | Reached skill level 1 in Shields
 17197 | D:11     | Reached **** piety under Vehumet
 17449 | D:12     | Reached skill level 12 in Fighting
 17551 | Lair:1   | Entered Level 1 of the Lair of Beasts
 17652 | Lair:1   | Reached skill level 5 in Fire Magic
 17829 | Lair:1   | Noticed a four-headed hydra
 17833 | Lair:1   | Killed a four-headed hydra
 17936 | Lair:1   | Offered knowledge of Airstrike by Vehumet.
 17962 | Lair:1   | Learned a level 4 spell: Airstrike
 18402 | Lair:1   | Reached XP level 12. HP: 43/113 MP: 3/24
 18646 | Lair:1   | Noticed a boulder beetle
 19663 | Lair:1   | Reached skill level 5 in Shields
 19787 | Lair:2   | Found a staircase to the Snake Pit.
 20727 | Lair:2   | Noticed an eight-headed hydra
 20730 | Lair:2   | Killed an eight-headed hydra
 21372 | Lair:2   | Found a staircase to the Shoals.
 21456 | Lair:2   | Reached skill level 13 in Fighting
 21793 | Lair:2   | Noticed a death yak
 21794 | Lair:2   | Noticed a death yak
 21799 | Lair:2   | Killed a death yak
 21799 | Lair:2   | Noticed a death yak
 21821 | Lair:1   | Killed a death yak
 22133 | Lair:1   | Killed a death yak
 22788 | Lair:3   | Reached ***** piety under Vehumet
 23040 | Lair:2   | Offered knowledge of Freezing Cloud by Vehumet.
 23210 | Lair:2   | Learned a level 6 spell: Conjure Ball Lightning
 23610 | Lair:3   | Reached XP level 13. HP: 97/122 MP: 26/26
 23808 | Lair:3   | Found a sparkling altar of Nemelex Xobeh.
 24202 | Lair:3   | Reached skill level 10 in Spellcasting
 24718 | Lair:3   | Reached skill level 10 in Conjurations
 25858 | Lair:4   | Reached skill level 14 in Fighting
 26472 | Lair:4   | Offered knowledge of Starburst by Vehumet.
 26928 | Lair:4   | Found a staircase to the Slime Pits.
 27278 | Lair:5   | Entered Level 5 of the Lair of Beasts
 27453 | Lair:5   | Reached skill level 10 in Air Magic
 29072 | Lair:5   | Reached skill level 1 in Staves
 29232 | Lair:5   | Noticed a fire dragon
 29243 | Lair:5   | Killed a fire dragon
 29712 | D:12     | Noticed Frances
 29718 | D:12     | Killed Frances
 29719 | D:12     | Gained mutation: Your large and strong wings let you fly.
                  | [Black Draconian growth]
 29719 | D:12     | Reached XP level 14. HP: 104/133 MP: 8/29
 29910 | D:12     | Noticed Maurice
 29913 | D:12     | Killed Maurice
 30563 | Orc:1    | Entered Level 1 of the Orcish Mines
 31273 | Orc:1    | Noticed an orc warlord
 31612 | D:11     | Killed an orc warlord
 32031 | Orc:2    | Entered Level 2 of the Orcish Mines
 32423 | Orc:2    | Found a staircase to the Elven Halls.
 32464 | Orc:2    | Reached skill level 15 in Fighting
 33392 | Orc:2    | Offered knowledge of Spellforged Servitor by Vehumet.
 33401 | Orc:2    | Learned a level 7 spell: Spellforged Servitor
 34581 | Orc:2    | Reached skill level 1 in Summonings
 34668 | Orc:2    | Found Zatz's Assorted Antiques.
 34668 | Orc:2    | Found Kivvos's Weapon Boutique.
 34735 | Orc:2    | Found Enustri's Jewellery Emporium.
 34735 | Orc:2    | Found Fewuw's Distillery.
 34830 | Orc:2    | Bought a potion of curing for 42 gold pieces
 34830 | Orc:2    | Bought a potion of curing for 42 gold pieces
 34830 | Orc:2    | Bought a potion of heal wounds for 70 gold pieces
 34830 | Orc:2    | Bought a potion of curing for 42 gold pieces
 34862 | Orc:2    | Bought 3 scrolls of blinking for 517 gold pieces
 35459 | D:12     | Noticed Urug
 35463 | D:12     | Killed Urug
 35913 | Orc:2    | Bought an amulet of regeneration for 390 gold pieces
 35913 | Orc:2    | Bought a ring of see invisible for 195 gold pieces
 37448 | D:13     | Noticed Kirke
 37625 | D:13     | Found a gate to the Vaults.
 37871 | D:13     | Noticed a sphinx
 37879 | D:13     | Killed Kirke
 38121 | D:13     | Found Qeddug's Magic Scroll Emporium.
 38349 | D:13     | Noticed Erolcha
 38351 | D:13     | Killed Erolcha
 38352 | D:13     | Reached XP level 15. HP: 141/141 MP: 31/31
 38427 | D:13     | Found a shimmering blue altar of Sif Muna.
 38545 | D:14     | Found Lyelaungi's Antique Armour Shoppe.
 38715 | D:14     | Offered knowledge of Plasma Beam by Vehumet.
 38723 | D:14     | Learned a level 6 spell: Plasma Beam
 39061 | D:14     | Found Bastroig's Weapon Shop.
 39492 | D:14     | Found Suatweo's Assorted Antiques.
 39495 | D:14     | Noticed Lodul
 39496 | D:14     | Killed Lodul
 39591 | D:14     | Bought a scroll of amnesia for 140 gold pieces
 39591 | D:14     | Bought a potion of heal wounds for 175 gold pieces
 39608 | D:14     | Found Owixuaf's Armour Shop.
 40166 | D:15     | Entered Level 15 of the Dungeon
 40340 | D:15     | Noticed Josephine
 40346 | D:15     | Killed Josephine
 41895 | D:15     | Found a staircase to the Depths.
 42585 | Snake:1  | Entered Level 1 of the Snake Pit
 42615 | Snake:1  | Noticed Aizul
 42748 | Snake:1  | Killed Aizul
 43096 | Snake:1  | Found Dergh's Firing Range.
 43693 | Snake:1  | Offered knowledge of Eringya's Noxious Bog by Vehumet.
 44231 | Snake:1  | Reached XP level 16. HP: 151/151 MP: 33/33
 45149 | Snake:1  | Reached skill level 16 in Fighting
 45836 | Lair:2   | HP: 6/151 [constriction[a naga ritualist] (4)]
 46009 | Shoals:1 | Entered Level 1 of the Shoals
 46302 | Depths:1 | Entered Level 1 of the Depths
 46322 | D:15     | Slain by a spark wasp

Illustrated notes

Levels and vault maps discovered:
D:1:      minmay_arrival_semitransparent, layout_basic
D:2:      layout_loops_corners, kennysheep_nondescript
D:3:      layout_rooms, mainiacjoe_overflow_small_starburst
D:4:      layout_rooms, mainiacjoe_overflow_alcove_4, evilmike_ruin_ashenzari,
          fedhas_altar_1, mainiacjoe_overflow_alcove_1,
          cheibrodos_sewer_entry_bend
D:5:      layout_rooms, nzn_overflow_gifts_of_might_and_magic,
          minmay_temple_entry_mist, chequers_serial_rivers_micro_b,
          minmay_manual_monstrance
D:6:      cheibrodos_helix_gallery, layout_rooms,
          nicolae_uskayaw_murder_on_the_dancefloor, nicolae_grassy_gnolls
D:7:      layout_basic, okawaru_humans, grunt_temple_overflow_open
D:8:      layout_basic
D:9:      layout_long_grid, lemuel_mausoleum_altar_kikubaaqudgha,
          kennysheep_slug_shrine, serial_park_tiny_1
D:10:     layout_irregular_city, grunt_lair_entry_orc_guard_hut,
          patterned_corridor
D:11:     layout_cave_pools, david_orc_4, lemuel_flame_loot_1
D:12:     layout_gridville, kennysheep_generic_room_6, uniq_maurice,
          uniq_frances, uniq_urug
D:13:     layout_gridville, erik_vaults_2, serial_shops,
          nicolae_shop_behind_doors, kennysheep_orc_sif_temple, uniq_erolcha,
          uniq_kirke
D:14:     layout_roguey, serial_shops, shop, shop_coins,
          nicolae_shop_mannequins, nicolae_shop_tiny_glass, minivault_25_ag,
          minivault_4, uniq_lodul
D:15:     gammafunk_depths_entry_grave, layout_small_grid, nicolae_two_hexagons,
          st_stairs_9, uniq_josephine
Temple:   hellmonk_temple_two_chambers
Lair:1:   layout_regular_city, cheibrodos_lair_caveside_slide,
          grunt_megastairs_2
Lair:2:   layout_small_grid, minmay_shoals_entry_beasts,
          guppyfry_snake_entry_island, portal_ice_cave_entry_pillars_1,
          chequers_serial_rivers_micro_b, serial_bayou_shore_a
Lair:3:   nzn_winding_woodlands_small [nzn_winding_woodlands_5x15_cabin,
          nzn_winding_woodlands_center_diamonds,
          nzn_winding_woodlands_5x15_garden], layout_layer_cave, basic_altar,
          dpeg_oklob_1
Lair:4:   layout_long_grid, dpeg_slime_entry_enclosed, lemuel_old_faithful
Lair:5:   guppyfry_lair_end_dragon, layout_gridlike, lemuel_fruit_fields
Shoals:1: layout_shoals, nicolae_shoals_aquamancer_cove
Snake:1:  layout_chambers, special_room, serial_bayou_pond_b,
          nicolae_shop_firing_range, uniq_aizul
Orc:1:    layout_diamond_mine, basic_altar, minmay_orc_temple_a
Orc:2:    st_orc_town, layout_caves, mines2_david
Depths:1: layout_cave_pools, minmay_misc_feat_five, marbit_kobold_abyss_entry,
          hell_entry, nicolae_ru_great_annihilating_truth

Skill      XL: |  1  2  3  4  5  6  7  8  9 10 11 12 13 14 15 16 |
---------------+-------------------------------------------------+-----
Fighting       | 1 2 3 4 6 8 9 11 12 13 14 15 16 | 16.1
Dodging        | 2 3 6 |  6.5
Spellcasting   | 3 4 5 6 7 8 9 11 12 13 14 | 14.1
Conjurations   | 5 6 7 8 9 10 11 12 | 12.0
Air Magic      | 1 3 6 8 10 11 12 13 | 13.0
Fire Magic     | 5 6 7 9 |  9.4
Shields        | 4 6 8 |  8.5
Staves         | 1 3 |  3.0
Summonings     | 3 |  3.0
Stealth        | |  1.7

Action                     |  1- 3 |  4- 6 |  7- 9 | 10-12 | 13-15 | 16-18 || total
---------------------------+-------+-------+-------+-------+-------+-------++-------
  Melee: Quarterstaff      |     9 |       |       |       |       |       ||     9
         Tailslap          |     6 |     7 |    11 |     6 |    21 |     3 ||    54
         Dagger            |    22 |       |       |       |       |       ||    22
         Short sword       |       |    85 |    33 |       |       |       ||   118
         Punch             |       |       |     4 |       |       |       ||     4
         Spear             |       |       |    40 |       |       |       ||    40
         Long sword        |       |       |     8 |       |       |       ||     8
         Staff             |       |       |       |    36 |   137 |    18 ||   191
   Cast: Magic Dart        |    82 |    42 |    92 |    34 |       |       ||   250
         Searing Ray       |     1 |    11 |    52 |   120 |    15 |       ||   199
         Fulminant Prism   |       |       |    16 |     2 |       |       ||    18
         Shock             |       |       |       |    79 |       |       ||    79
         Fireball          |       |       |       |    67 |   136 |       ||   203
         Airstrike         |       |       |       |   168 |   420 |    17 ||   605
         Conjure Ball Ligh |       |       |       |     5 |    12 |       ||    17
         Plasma Beam       |       |       |       |       |   179 |    74 ||   253
Ability: Breathe Lightning |       |       |     3 |     6 |     6 |       ||    15
    Use: Scroll            |     7 |     3 |     6 |    14 |    16 |     1 ||    47
         Potion            |       |     2 |     1 |     6 |     9 |     9 ||    27
 Armour: Skin              |    13 |    63 |    64 |   147 |   200 |    34 ||   521
  Dodge: Dodged            |    23 |   100 |   111 |   304 |   253 |    66 ||   857
  Block: Buckler           |       |       |       |    43 |    71 |       ||   114
         Kite shield       |       |       |       |       |   128 |    93 ||   221

Table legend: (Time is in decaauts)
 A = Elapsed time spent in this place.
 B = Non-inter-level travel time spent in this place.
 C = Inter-level travel time spent in this place.
 D = Time resting spent in this place.
 E = Time spent auto-exploring this place.
 F = Levels seen in this place.
 G = Mean time per level.
                   A        B        C        D        E       F      G
               +--------+--------+--------+--------+--------+-----+--------+
         Total |  46469 |  44820 |   1649 |  21803 |  15248 |  26 | 1787.3 |
       Dungeon |  27486 |  26340 |   1146 |  12667 |   8791 |  15 | 1832.4 |
        Temple |     54 |     54 |      0 |      0 |      0 |   1 |   54.0 |
          Lair |  12936 |  12564 |    372 |   6391 |   4575 |   5 | 2587.2 |
        Shoals |     19 |     19 |      0 |      0 |      0 |   1 |   19.0 |
     Snake Pit |   2393 |   2393 |      0 |   1501 |    330 |   1 | 2393.0 |
  Orcish Mines |   3568 |   3440 |    128 |   1241 |   1551 |   2 | 1784.0 |
        Depths |      9 |      9 |      0 |      2 |      0 |   1 |    9.0 |
               +--------+--------+--------+--------+--------+-----+--------+

Top non-repeatable levels by time:
  Lair:2: 3456 daAuts
  Lair:1: 3284 daAuts
     D:9: 3110 daAuts
    D:11: 2952 daAuts
    D:12: 2647 daAuts
 Snake:1: 2393 daAuts
    D:14: 2345 daAuts
  Lair:3: 2337 daAuts
     D:5: 2293 daAuts
    D:10: 2163 daAuts
  Lair:5: 2158 daAuts
     D:8: 2125 daAuts
   Orc:2: 2019 daAuts
  Lair:4: 1699 daAuts
   Orc:1: 1548 daAuts
